 Dungeon Crawl Stone Soup version 0.18.1-50-g88ac8fd (webtiles) character file.

823 Monkfish the Covert (level 8, -7/47 HPs)
             Began as a Kobold Assassin on Oct 22, 2016.
             Shot with an arrow by a centaur (12 damage)
             ... on level 6 of the Dungeon.
             The game lasted 00:11:36 (4380 turns).

Monkfish the Covert (Kobold Assassin)               Turns: 4380, Time: 00:11:37

Health: -7/47      AC:  9    Str: 11    XL:     8   Next: 17%
Magic:  8/8        EV: 14    Int:  9    God:
Gold:   336        SH:  0    Dex: 18    Spells: 0 memorised, 7 levels left

rFire  . . .     SeeInvis .     e - +2 dagger (drain)
rCold  . . .     Gourm    .     l - +0 leather armour
rNeg   . . .     Faith    .     (shield restricted)
rPois  .         Spirit   .     (no helmet)
rElec  .         Dismiss  .     d - +0 cloak
rCorr  .         Reflect  .     (no gloves)
SustAt .         Harm     .     (no boots)
MR     .....                    (no amulet)
Stlth  ++++......               (no ring)
                                a - +5 ring of protection

@: not resistant to hostile enchantments, stealthy
A: carnivore 3
a: no special abilities


You were on level 6 of the Dungeon.
You were full.

You visited 1 branch of the dungeon, and saw 6 of its levels.

You collected 336 gold pieces.

Inventory:

Hand Weapons
 b - a +0 blowgun
 e - a +2 dagger of draining (weapon)
 w - a +1 short sword of speed
 x - the cursed +3 whip of the Realm of Zot {freeze, rF+ rC+ Int+4 Dex+2}
   (You found it on level 6 of the Dungeon)

   It has been specially enchanted to freeze those struck by it, causing extra
   injury to most foes and up to half again as much damage against particularly
   susceptible opponents.
   It can also slow down cold-blooded creatures.
   It affects your intelligence (+4).
   It affects your dexterity (+2).
   It protects you from fire.
   It protects you from cold.
   It has a curse placed upon it.
Missiles
 f - 2 curare-tipped needles
 m - 7 poisoned needles
Armour
 d - a +0 cloak (worn)
 l - a +0 leather armour (worn)
Jewellery
 a - a +5 ring of protection (left hand)
Wands
 k - a wand of flame (23/48)
 o - a wand of disintegration (13/24)
 q - a wand of teleportation (6/9)
 r - a wand of polymorph (9/24)
 u - a wand of paralysis (18/24)
Scrolls
 j - 6 scrolls of teleportation
 n - 3 scrolls of remove curse
 y - a scroll of identify
Potions
 c - 2 potions of curing
 h - 2 potions of agility
 i - a potion of cancellation
 s - a potion of might
 t - a potion of flight
Books
 v - a book of Flames

   Spells                             Type                      Level
   a - Flame Tongue                   Conjuration/Fire             1
   b - Throw Flame                    Conjuration/Fire             2
   c - Conjure Flame                  Conjuration/Fire             3
   d - Inner Flame                    Hexes/Fire                   3
   e - Sticky Flame                   Conjuration/Fire             4
   f - Fireball                       Conjuration/Fire             5
Comestibles
 g - 5 meat rations
 p - a beef jerky


   Skills:
 + Level 3.6 Fighting
 + Level 4.7 Short Blades
 * Level 6.8 Throwing
 - Level 1.2 Dodging
 + Level 8.5 Stealth


You had 7 spell levels left.
You didn't know any spells.

Dungeon Overview and Level Annotations

Branches:
Dungeon (6/15)             Temple (0/1) D:5

Altars:
Okawaru
Vehumet
Xom
The Shining One

Annotations:
D:4 exclusion: ice beast
D:6 exclusion: 4 yaks, Dowan, Duvessa


Innate Abilities, Weirdness & Mutations

You are small and have problems with some larger weapons.
You are carnivorous and can eat meat at any time.


Message History

You hit the shadow imp.
You kill the shadow imp!
Found 20 sling bullets.
A centaur is nearby!
The centaur wields a runed shortbow.
It bursts into flame!
The centaur shoots an arrow.
The arrow hits you! The arrow burns you.
You see here an arrow.
The centaur shoots an arrow.
The arrow hits you! The arrow burns you.
The centaur shoots an arrow.
The arrow hits you.
* * * LOW HITPOINT WARNING * * *
The arrow burns you.
* * * LOW HITPOINT WARNING * * *
You see here 2 arrows.
The centaur shoots an arrow.
The arrow hits you.
* * * LOW HITPOINT WARNING * * *
The arrow burns you.
* * * LOW HITPOINT WARNING * * *
You see here an arrow.
The centaur shoots an arrow.
The arrow hits you!
You die...

........#.#
#.#8#.#..#
######..#.#
##.#.#.#..#
...)....#.#
#..#.#....#
######....#
#..#.#.#..#
#..###
#..#>#.#..#
######..#
####..#_#.#...
........#
#.c...###...
#######.#
#.#........#
#.# #
#@...##### #.#
#(#### #.#
#(#### #.#
#(...#### #.#
#......... #.#
#......####.
#.# #......##
..#.....# #.#
#....(.


You could see a centaur.

Vanquished Creatures
  A yak (D:6)
  A sky beast (D:6)
  Blork the orc (D:6)
  A howler monkey (D:4)
  2 crimson imps
  A hound (D:5)
  A centaur skeleton (D:4)
  An orc wizard (D:3)
  Crazy Yiuf (D:6)
  3 iguanas
  A worker ant (D:4)
  4 gnolls (D:3)
  4 adders
  2 shadow imps
  A white imp (D:5)
  An adder zombie (D:6)
  An adder skeleton (D:6)
  2 worms
  2 dart slugs (D:1)
  A giant gecko (D:4)
  8 orcs
  7 giant cockroaches
  8 goblins
  10 hobgoblins
  7 jackals
  A quokka (D:4)
  A ball python (D:5)
  4 bats
  3 giant newts
  2 goblin zombies (D:4)
  4 hobgoblin zombies (D:4)
  7 kobolds
  A kobold skeleton (D:4)
  A kobold zombie (D:4)
  An orc skeleton (D:4)
  An orc zombie (D:4)
  7 rats
  A butterfly (D:2)
106 creatures vanquished.

Vanquished Creatures (others)
  A goblin (D:2)
  A kobold (D:2)
2 creatures vanquished.

Grand Total: 108 creatures vanquished

Notes
Turn   | Place    | Note
--------------------------------------------------------------
     0 | D:1      | Monkfish the Kobold Assassin began the quest for the Orb.
     0 | D:1      | Reached XP level 1. HP: 12/12 MP: 1/1
   152 | D:1      | Reached XP level 2. HP: 17/17 MP: 2/2
   262 | D:1      | Reached skill level 6 in Stealth
   431 | D:1      | Reached XP level 3. HP: 17/21 MP: 3/3
  1048 | D:2      | Found a radiant altar of Vehumet.
  1233 | D:2      | Found a shimmering altar of Xom.
  1280 | D:2      | Reached XP level 4. HP: 26/26 MP: 4/4
  1550 | D:3      | Reached skill level 7 in Stealth
  1631 | D:3      | Found a faded altar to an unknown god.
  1877 | D:3      | Reached XP level 5. HP: 30/30 MP: 5/5
  2416 | D:4      | Reached XP level 6. HP: 35/35 MP: 6/6
  2451 | D:4      | Noticed an ice beast
  2558 | D:4      | Found a glowing golden altar of the Shining One.
  2644 | D:4      | Reached skill level 8 in Stealth
  2947 | D:4      | Noticed a phantom
  3127 | D:5      | Entered Level 5 of the Dungeon
  3131 | D:5      | Reached skill level 5 in Throwing
  3272 | D:5      | Reached XP level 7. HP: 28/40 MP: 7/7
  3384 | D:5      | Found a staircase to the Ecumenical Temple.
  3414 | D:6      | Got a dazzling whip
  3416 | D:6      | Identified the cursed +3 whip of the Realm of Zot {freeze, rF+ rC+ Int+4 Dex+2} (You found it on level 6 of the Dungeon)
  3625 | D:6      | Noticed Duvessa
  3625 | D:6      | Noticed Dowan
  3642 | D:6      | Noticed a yak
  3642 | D:6      | Noticed a yak
  3642 | D:6      | Noticed a yak
  3642 | D:6      | Noticed a yak
  3698 | D:6      | Noticed a yak
  3703 | D:6      | Noticed a yak
  3714 | D:6      | Killed a yak
  3765 | D:6      | Noticed Crazy Yiuf
  3772 | D:6      | Killed Crazy Yiuf
  3874 | D:6      | Noticed Blork the orc
  4056 | D:6      | Killed Blork the orc
  4056 | D:6      | Reached XP level 8. HP: 24/46 MP: 8/8
  4347 | D:6      | Found an iron altar of Okawaru.
  4380 | D:6      | Shot with an arrow by a centaur

Skill      XL: |  1  2  3  4  5  6  7 |
---------------+----------------------+-----
Stealth        | 6 7 8 |  8.5
Throwing       | 3 4 5 6 |  6.8
Short Blades   | 3 4 |  4.7
Fighting       | 3 |  3.6
Dodging        | |  1.2

Action                   |  1- 3 |  4- 6 |  7- 9 || total
-------------------------+-------+-------+-------++-------
Melee: Dagger            |    90 |   182 |   100 ||   372
       Unarmed           |       |    11 |       ||    11
 Fire: Blowgun           |    20 |    32 |    13 ||    65
  Use: Scroll            |     5 |     3 |     2 ||    10
       Potion            |     4 |     2 |     3 ||     9
 Stab: Sleeping          |    10 |     8 |     3 ||    21
  Eat: Chunk             |     9 |       |     9 ||    18
Armor: Robe              |    10 |    11 |       ||    21
       Skin              |       |     6 |       ||     6
       Leather armour    |       |    33 |    30 ||    63
Dodge: Dodged            |    62 |   125 |    56 ||   243
